 Dungeon Crawl Stone Soup version 0.23.1-37-gaa34b87b72 (webtiles) character file.

Game seed: 7712353236090419316

52 Gargoyl the Skirmisher (level 3, 0/31 HPs)
             Began as a Centaur Abyssal Knight on Mar 21, 2019.
             Was a Believer of Lugonu.
             Slain by a centaur
             ... wielding a cursed -3 shortbow
              (6 damage)
             ... on level 3 of the Dungeon.
             The game lasted 00:04:18 (1572 turns).

Gargoyl the Skirmisher (Centaur Abyssal Knight)     Turns: 1572, Time: 00:04:19

Health: 0/31       AC:  7    Str: 14    XL:     3   Next: 60%
Magic:  4/4        EV:  4    Int: 11    God:    Lugonu [**....]
Gold:   107        SH:  0    Dex:  9    Spells: 2/2 levels left

rFire    . . .     SeeInvis .   a - +2 hand axe
rCold    + . .     Gourm    .   (no shield)
rNeg     . . .     Faith    .   e - +0 chain mail
rPois    .         Spirit   .   (helmet restricted)
rElec    .         Reflect  .   (no cloak)
rCorr    .         Harm     .   (no gloves)
MR       .....     Rnd*Rage +   (no barding)
Stlth    ..........             (no amulet)
HPRegen  0.00/turn              m - ring of protection from cold
MPRegen  0.09/turn              (no ring)

@: very quick
A: large, hooves 3, horns 1, berserk 1, deformed body, speed 2, inhibited
regeneration, tough skin 3, subdued magic 1
a: Depart the Abyss, Bend Space, Renounce Religion


You were on level 3 of the Dungeon.
You worshipped Lugonu.
Lugonu was pleased with you.
You were not hungry.

You visited 1 branch of the dungeon, and saw 3 of its levels.
You visited the Abyss 1 time.

You collected 107 gold pieces.

Inventory:

Hand Weapons
 a - a +2 hand axe (weapon)
Armour
 b - a +0 leather armour
 e - a +0 chain mail (worn)
Jewellery
 m - a ring of protection from cold (left hand)
Scrolls
 d - a scroll of teleportation
 g - 3 scrolls of identify
 k - 2 scrolls of fear
Comestibles
 c - 8 rations
 f - 4 chunks of flesh


   Skills:
 + Level 3.5 Fighting
 + Level 2.1 Axes
 * Level 2.0 Armour
 * Level 1.1 Dodging
 * Level 2.3 Invocations


You had 2 spell levels left.
You didn't know any spells.
Your spell library was empty.

Dungeon Overview and Level Annotations

Branches:
Dungeon (3/15)

Altars:
Okawaru


Innate Abilities, Weirdness & Mutations

You have hooves in place of feet.
Armour fits poorly on your strangely shaped body.
You cover ground very quickly.
You have extremely tough skin. (AC +3)
You have a pair of small horns on your head.
You tend to lose your temper in combat.
You do not regenerate when monsters are visible.
Your spells are a little easier to cast, but a little less powerful.


Message History

You slash the centaur!
The centaur is moderately wounded.
The centaur barely misses you.
The centaur hits you but does no damage.
You hit the centaur.
The centaur is moderately wounded.
The centaur hits you but does no damage.
You hit the centaur but do no damage.
The centaur is moderately wounded.
The centaur barely misses you.
The centaur hits you but does no damage.
You closely miss the centaur.
You headbutt the centaur, but do no damage.
The centaur is moderately wounded.
The centaur hits you with a cursed -3 shortbow. x2
* * * LOW HITPOINT WARNING * * *
You slash the centaur!
The centaur is severely wounded.
The centaur hits you with a cursed -3 shortbow.
You die...

#.# ##.## #.# #.# #.#
#.# #.# #.# #.. #>#
##+## #.## ##.# ##...##
#.. ...# ##.....## ### .
.### ##.......## ...
..####.........####.....
.....'.........(@c...#
..####.........####.....
.## ##.......## #.. ##
##.....## ##...## ##....
#.### #.#


You could see a centaur.

Vanquished Creatures
  A dart slug (D:1)
  2 leopard geckos
  A ball python (D:1)
  6 bats
  3 giant cockroaches
  7 goblins
  4 hobgoblins
  6 jackals
  3 frilled lizards
  3 kobolds (D:1)
  7 rats
43 creatures vanquished.

Notes
Turn   | Place    | Note
-------+----------+-------------------------------------------
     0 | Abyss:1  | Gargoyl the Centaur Abyssal Knight began the quest for the
                  | Orb.
     0 | Abyss:1  | Reached XP level 1. HP: 19/19 MP: 2/2
    35 | Abyss:2  | Found a corrupted altar of Lugonu.
    88 | Abyss:2  | Noticed a golden eye
    89 | D:1      | Escaped the Abyss
   367 | D:1      | Reached XP level 2. HP: 22/26 MP: 3/3
   472 | D:1      | Reached * piety under Lugonu
   618 | D:1      | Reached skill level 1 in Dodging
  1025 | D:2      | Reached XP level 3. HP: 28/31 MP: 4/4
  1131 | D:2      | Reached ** piety under Lugonu
  1152 | D:2      | Found an iron altar of Okawaru.
  1457 | D:2      | Gained mutation: You tend to lose your temper in combat.
                  | [potion of mutation]
  1457 | D:2      | Gained mutation: You do not regenerate when monsters are
                  | visible. [potion of mutation]
  1457 | D:2      | Gained mutation: Your spells are a little easier to cast,
                  | but a little less powerful. [potion of mutation]
  1457 | D:2      | Gained mutation: You have a pair of small horns on your
                  | head. [potion of mutation]
  1554 | D:3      | Noticed a centaur
  1572 | D:3      | Slain by a centaur

Skill      XL: |  1  2  3 |
---------------+----------+-----
Dodging        | 1 |  1.1
Axes           | 2 |  2.1
Armour         | 2 |  2.0
Fighting       | |  3.5
Invocations    | |  2.3

Action                   || total
-------------------------++-------
Melee: Hand axe          ||   118
       Kick              ||    14
       Headbutt          ||     3
Invok: Depart the Abyss  ||     1
  Use: Scroll            ||     8
       Potion            ||     5
  Eat: Chunk             ||     1
Armor: Chain mail        ||   154
Dodge: Dodged            ||    42
